 Dungeon Crawl Stone Soup version 0.19.0-11-g3fc08b3 (webtiles) character file.

70 spe3d0 the Poker (level 4, 0/35 HPs)
             Began as a Merfolk Gladiator on Nov 10, 2016.
             Slain by a goblin (6 damage)
             ... led by Robin
             ... on level 2 of the Dungeon.
             The game lasted 00:02:30 (1330 turns).

spe3d0 the Poker (Merfolk Gladiator)                Turns: 1330, Time: 00:02:30

Health: 0/35       AC:  4    Str: 15    XL:     4   Next: 22%
Magic:  4/4        EV: 14    Int:  7    God:
Gold:   79         SH:  0    Dex: 15    Spells: 0 memorised, 3 levels left

rFire  x . .     SeeInvis .     a - +0 trident
rCold  + . .     Gourm    .     b - +0 leather armour
rNeg   . . .     Faith    .     (no shield)
rPois  .         Spirit   .     c - +0 helmet
rElec  .         Reflect  .     (no cloak)
rCorr  .         Harm     .     (no gloves)
MR     .....                    (no boots)
Stlth  +.........               (no amulet)
                                (no ring)
                                C - ring of ice

@: no status effects
A: change form in water, swift swim, stealthy swim
a: no special abilities


You were on level 2 of the Dungeon.
You were not hungry.

You visited 1 branch of the dungeon, and saw 2 of its levels.

You collected 79 gold pieces.


   Skills:
 * Level 3.5 Fighting
 * Level 5.1 Polearms
 - Level 2.0 Throwing
 - Level 5.0 Dodging


You had 3 spell levels left.
You didn't know any spells.

Inventory:

Hand Weapons
 a - a +0 trident (weapon)
Missiles
 d - 3 throwing nets (quivered) {=f}
Armour
 b - a +0 leather armour (worn)
 c - a +0 helmet (worn)
Jewellery
 C - a ring of ice (left hand)
Scrolls
 e - 2 scrolls of recharging {unknown}
 g - a scroll of remove curse {unknown}
 h - a scroll of fear {unknown}
 l - 2 scrolls of identify {unknown}
 m - a scroll of random uselessness {unknown}
Potions
 j - a potion of ambrosia {unknown}
 k - a potion of degeneration {unknown}
 p - a potion of brilliance {unknown}
 q - a potion of invisibility {unknown}
Comestibles
 f - a bread ration {@e1}
 i - 2 meat rations {@e1}
 n - a beef jerky {@e2}
 o - 4 chunks of flesh
 r - a slice of pizza {@e2}

Dungeon Overview and Level Annotations

Branches:
Dungeon (2/15)

Altars:

Annotations:
D:2 Robin

# .. #.##### ..##
.#... #.. ... +.. #g#
#.. #.# #. #.. #)# #.
#.. #g# #.####
#####@### #.....
#...g.g.# #.....
#.......# #####.....
#.......# ..........
#.......# #####....
#.......# ####....
#.).....# #..'....
#.......#######.##....
#.......#.....#.######


You could see Robin, a hobgoblin and 2 goblins.


Message History

The goblin is severely wounded.
The goblin barely misses you. The hobgoblin barely misses you.
You closely miss the goblin.
The goblin is severely wounded.
The goblin hits you but does no damage.
The hobgoblin hits you but does no damage.
You puncture the goblin!
You kill the goblin!
The hobgoblin hits you but does no damage.
Robin roars a battlecry!
Things that are here:
a dagger; a club; a goblin corpse Robin throws the goblin at you!
The goblin misses you.
You puncture the goblin!
You kill the goblin!
The goblin no longer looks unusually strong.
The hobgoblin hits you but does no damage.
Robin throws the goblin at you! The goblin hits you.
* * * LOW HITPOINT WARNING * * *
A goblin comes into view. It is wielding a club.
There is an open door here.
You see here a dagger.
You hit the goblin but do no damage.
The hobgoblin no longer looks unusually strong.
Robin roars a battlecry!
The goblins go into a battle-frenzy!
The goblin barely misses you. The hobgoblin closely misses you.
You barely miss the goblin. Robin throws the goblin at you!
The goblin hits you.
You die...

Skill      XL: |  1  2  3 |
---------------+----------+-----
Fighting       | 3 |  3.5
Dodging        | 5 |  5.0
Polearms       | 5 |  5.1
Throwing       | |  2.0

Action                   |  1- 3 |  4- 6 || total
-------------------------+-------+-------++-------
Melee: Trident           |    85 |    26 ||   111
Throw: Throwing net      |     1 |       ||     1
 Stab: Sleeping          |     4 |     1 ||     5
  Eat: Chunk             |     1 |       ||     1
Armor: Leather armour    |     3 |     7 ||    10
Dodge: Dodged            |    40 |    19 ||    59

Vault maps used:
D:1:      minmay_arrival_cross
D:2:      hex_intersection, uniq_robin

Notes
Turn   | Place    | Note
-------+----------+-------------------------------------------
     0 | D:1      | spe3d0 the Merfolk Gladiator began the quest for the Orb.
     0 | D:1      | Reached XP level 1. HP: 16/16 MP: 1/1
    99 | D:1      | Reached XP level 2. HP: 20/23 MP: 2/2
   767 | D:2      | Reached XP level 3. HP: 25/28 MP: 3/3
   913 | D:2      | Reached skill level 3 in Fighting
   913 | D:2      | Reached skill level 5 in Dodging
  1171 | D:2      | Reached skill level 5 in Polearms
  1171 | D:2      | Reached XP level 4. HP: 35/35 MP: 4/4
  1306 | D:2      | Noticed Robin
  1330 | D:2      | Slain by a goblin

Vanquished Creatures
  3 adders (D:2)
  2 leopard geckos (D:2)
  A ball python (D:1)
  2 giant cockroaches (D:1)
  9 goblins
  7 hobgoblins
  A quokka (D:2)
  A bat (D:1)
  2 frilled lizards (D:1)
  8 kobolds
  4 rats
40 creatures vanquished.
